 Dungeon Crawl Stone Soup version 0.23.2-33-g5129a83184 (webtiles) character file.

Game seed: 17871238985549640876

244 MalarOregon the Grave Robber (level 6, -3/52 HPs)
             Began as a Ghoul Necromancer on July 12, 2019.
             Killed by divine providence
             ... invoked by an orc priest
              (11 damage)
             ... on level 4 of the Dungeon.
             The game lasted 00:04:03 (2596 turns).

MalarOregon the Grave Robber (Ghoul Necromancer)    Turns: 2596, Time: 00:04:04

Health: -3/52      AC:  2    Str: 12    XL:     6   Next: 10%
Magic:  2/10       EV: 14    Int: 12    God:
Gold:   95         SH:  0    Dex:  9    Spells: 7/11 levels left

rFire    . . .     SeeInvis .   h - +1 dagger (elec)
rCold    + . .     Gourm    .   (no shield)
rNeg     + + +     Faith    .   a - +0 robe
rPois    ∞         Spirit   .   (no helmet)
rElec    .         Reflect  .   f - scarf {cloud immunity}
rCorr    .         Harm     .   (no gloves)
MR       .....                  (no boots)
Stlth    ++........             (no amulet)
HPRegen  0.00/turn              g - +2 ring of evasion
MPRegen  0.12/turn              (no ring)

@: rotting
A: rotting body, claws 1, carnivore, cold resistance 1, negative energy
resistance 3, inhibited regeneration, torment resistance, unbreathing
a: no special abilities


You were on level 4 of the Dungeon.
You were not hungry.

You visited 1 branch of the dungeon, and saw 4 of its levels.

You collected 95 gold pieces.

Inventory:

Hand Weapons
 h - a +1 dagger of electrocution (weapon)
   (You took it off a kobold on level 2 of the Dungeon)
Armour
 a - a +0 robe (worn)
 f - a scarf of cloud immunity (worn)
   (You found it on level 2 of the Dungeon)
Jewellery
 g - a +2 ring of evasion (left claw)
   (You found it on level 1 of the Dungeon)
 l - an uncursed ring of protection from magic {unknown}
   (You found it on level 3 of the Dungeon)
 n - a cursed amulet of inaccuracy {unknown}
   (You found it on level 3 of the Dungeon)
 o - an uncursed amulet of guardian spirit {unknown}
   (You found it on level 3 of the Dungeon)
Scrolls
 b - 4 scrolls of identify {unknown}
 c - a scroll of enchant weapon {unknown}
 i - a scroll of fog {unknown}
 j - a scroll of remove curse {unknown}
 k - a scroll of teleportation {unknown}
 m - a scroll of immolation {unknown}
Potions
 p - a potion of resistance {unknown}
Comestibles
 d - a chunk of flesh
 e - 5 rations {!d}


   Skills:
 + Level 3.6 Fighting
 - Level 1.7 Dodging
 - Level 2.1 Stealth
 + Level 3.4 Spellcasting
 - Level 5.0 Necromancy


You had 7 spell levels left.
You knew the following spells:

 Your Spells              Type           Power        Failure   Level  Hunger
a - Pain                  Necr           ##..         3%          1    #......
q - Vampiric Draining     Necr           ##........   9%          3    ###....

Your spell library contained the following spells:

 Spells                   Type           Power        Failure   Level  Hunger
 Animate Skeleton         Necr           N/A          3%          1    #......
 Regeneration             Chrm/Necr      #.........   26%         3    ###....
 Animate Dead             Necr           N/A          30%         4    #####..


Dungeon Overview and Level Annotations

Branches:
Dungeon (4/15)
 Temple: D:4-7

Altars:
Nemelex Xobeh


Innate Abilities, Weirdness & Mutations

Your body is rotting away.
You thrive on raw meat.
You are immune to poison.
You have sharp fingernails.
You are carnivorous and can eat meat at any time.
Your flesh is cold resistant. (rC+)
You are immune to negative energy. (rN+++)
You do not regenerate when monsters are visible.
You are immune to unholy pain and torment.
You can survive without breathing.


Message History

An orc priest comes into view. It is wielding a +0 club.
Found a scale mail.
An orc wizard comes into view. It is wielding a +0 dagger.
The orc priest shouts!
The orc wizard shouts!
The orc priest looks encouraged for a moment.
The orc priest closely misses you.
You barely miss the orc priest. The orc priest closely misses you.
You hit the orc priest but do no damage.
The orc priest barely misses you.
You closely miss the orc priest. The orc priest barely misses you. x2
You barely miss the orc priest.
The orc priest hits you with a +2 dagger of venom.
You closely miss the orc priest. The orc priest hits you with a +0 club.
The orc priest looks satisfied for a moment.
You closely miss the orc priest. The orc priest closely misses you.
The orc wizard casts a spell at you. The magic dart hits you.
The orc priest invokes the aid of Beogh against you.
Beogh smites you!
* * * LOW HITPOINT WARNING * * *
Aim: an orc priest, wielding a +2 dagger of venom You feel life coursing into your body.
The orc priest hits you with a +0 club.
* * * LOW HITPOINT WARNING * * *
The orc wizard barely misses you.
The orc priest mumbles some strange prayers to Beogh against you.
Beogh smites you!
* * * LOW HITPOINT WARNING * * *
Aim: an orc priest, wielding a +2 dagger of venom (severely wounded)
You kill the orc priest!
You have reached level 6!
Your experience leads to an increase in your attributes!
Increase (S)trength, (I)ntelligence, or (D)exterity?
You feel clever.
You feel life coursing into your body.
The orc priest looks satisfied for a moment.
The orc wizard barely misses you.
Here: an orc wizard, wielding a +0 dagger and wearing a +0 robe The floor.
The orc priest hits you with a +0 club.
* * * LOW HITPOINT WARNING * * *
The orc wizard looks braver for a moment.
Things that are here:
a +2 dagger of venom; an orc corpse Eat one of 2 chunks of flesh? (ye/n/q)
You eat one of the 2 chunks of flesh.
This raw flesh tastes great!
The orc priest hits you with a +0 club.
* * * LOW HITPOINT WARNING * * *
The orc priest calls down the wrath of Beogh upon you.
Beogh smites you!
You die...

#........#
#........# #
#........#
#.##........#
.........[..# . #.
#........#
..###.##........#
......#...).....#
.........oo@....#
##.............#
.##...#...##..####
......#.#.##.##
##......#.##.####
#...............#
......###.......#
####..###.......#
#............#


You could see an orc priest and an orc wizard.

Vanquished Creatures
  A centaur (D:3)
  A crimson imp (D:2)
  An orc priest (D:4)
  2 adders
  4 worms
  4 dart slugs
  A leopard gecko (D:4)
  3 orcs (D:3)
  A giant cockroach (D:1)
  6 hobgoblins
  9 jackals
  10 kobolds
  2 quokkas (D:3)
  2 ball pythons
  7 bats
  7 frilled lizards
  4 goblins
  7 rats
72 creatures vanquished.

Notes
Turn   | Place    | Note
-------+----------+-------------------------------------------
     0 | D:1      | MalarOregon the Ghoul Necromancer began the quest for the
                  | Orb.
     0 | D:1      | Reached XP level 1. HP: 14/14 MP: 2/2
   210 | D:1      | Reached XP level 2. HP: 6/22 MP: 0/4
   467 | D:1      | Reached skill level 1 in Fighting
   981 | D:2      | Reached XP level 3. HP: 28/28 MP: 5/5
  1156 | D:2      | Learned a level 3 spell: Vampiric Draining
  1425 | D:2      | Reached XP level 4. HP: 34/37 MP: 6/6
  1632 | D:3      | Found a sparkling altar of Nemelex Xobeh.
  2033 | D:3      | Noticed a centaur
  2051 | D:3      | Killed a centaur
  2051 | D:3      | Reached skill level 5 in Necromancy
  2051 | D:3      | Reached XP level 5. HP: 31/45 MP: 1/8
  2593 | D:4      | Reached XP level 6. HP: 4/52 MP: 2/10
  2594 | D:4      | HP: 2/52 [orc priest/+0 club (3)]
  2596 | D:4      | Killed from afar by an orc priest

Skill      XL: |  1  2  3  4 |
---------------+-------------+-----
Spellcasting   | 2 3 |  3.4
Fighting       | 1 2 3 |  3.6
Necromancy     | 5 |  5.0
Dodging        | |  1.7
Stealth        | |  2.1

Action                   |  1- 3 |  4- 6 || total
-------------------------+-------+-------++-------
Melee: Unarmed           |    17 |       ||    17
       Dagger            |   104 |   106 ||   210
       Short sword       |    17 |       ||    17
 Cast: Pain              |    16 |       ||    16
       Vampiric Draining |     1 |     4 ||     5
 Stab: Sleeping          |     1 |     2 ||     3
  Eat: Chunk             |     8 |     9 ||    17
Armor: Robe              |    18 |     5 ||    23
Dodge: Dodged            |   111 |   109 ||   220
